 Dungeon Crawl Stone Soup version 0.30-a0-612-g150a0467c1 (webtiles) character file.

Game seed: 2528057073452331663

961 tilp the Slasher (level 8, -9/67 HPs)
             Began as a Meteoran Fighter on Jan 9, 2023.
             Killed from afar by a steam dragon (16 damage)
             ... with a ball of steam
             ... on level 6 of the Dungeon.
             The game lasted 00:11:54 (2254 turns).

tilp the Slasher (Meteoran Fighter)                 Turns: 2254, Time: 00:11:54

Health: -9/67      AC: 10    Str: 17    XL:     8   Next: 64%
Magic:  9/9        EV:  7    Int: 10    God:
Gold:   171        SH: 10    Dex: 16    Spells: 7/7 levels left

rFire   . . .      SeeInvis .    a - +1 long sword
rCold   . . .      Faith    .    l - +0 kite shield
rNeg    . . .      Spirit   .    d - +0 chain mail
rPois   .          Reflect  .    (no helmet)
rElec   .          Harm     .    (no cloak)
rCorr   .          Rampage  .    n - +0 pair of gloves
Will    +....                    (no boots) Stlth
                                 (no amulet)
HPRegen 0.31/turn                (no ring)
MPRegen 0.11/turn                (no ring)

@: glowing
A: sense surroundings 1, otherworldly, glowing, explore regen
a: no special abilities


You were on level 6 of the Dungeon.
You visited 1 branch of the dungeon, and saw 6 of its levels.
You also visited: Ossuary.

You collected 440 gold pieces.
You spent 269 gold pieces at shops.

Inventory:

Hand Weapons
 a - a +1 long sword (weapon)
 b - a +0 dagger of speed
Missiles
 c - 10 stones
 e - 2 poisoned darts (quivered)
 w - 4 boomerangs
Armour
 d - a +0 chain mail (worn)
 l - a +0 kite shield (worn)
 n - a +0 pair of gloves (worn)
Jewellery
 z - a ring of wizardry
Wands
 i - a wand of mindburst (1)
 y - a wand of flame (10)
Scrolls
 g - 3 scrolls of enchant weapon
 k - 3 scrolls of teleportation
 m - 2 scrolls of immolation
 s - a scroll of identify
 t - a scroll of fog
 v - a scroll of enchant armour
Potions
 f - a potion of haste
 h - 6 potions of curing
 j - a potion of magic
 o - a potion of brilliance {unknown}
 p - 2 potions of heal wounds {unknown}
 q - a potion of attraction {unknown}
 r - 2 potions of resistance
 u - 2 potions of might
 x - a potion of berserk rage {unknown}


   Skills:
 + Level 4.4 Fighting
 * Level 5.2 Long Blades
 + Level 3.0 Throwing
 + Level 4.6 Armour
 * Level 5.2 Dodging
 + Level 2.5 Stealth
 + Level 4.6 Shields
 + Level 2.9 Evocations


You had 7 spell levels left.
You didn't know any spells.
Your spell library was empty.

Dungeon Overview and Level Annotations

Branches:
Dungeon (6/15) Zot: 1546  Ossuary (visited)
 Temple: D:4-7

Altars:

Shops:
D:4 ?

Annotations:
D:5 dug vault


Innate Abilities, Weirdness & Mutations

You passively map a small area around you.
You are easily found by Zot.
You glow in the dark.
You regain HP and MP as you explore.


Message History

The steam dragon is severely wounded.
You are engulfed in a cloud of scalding steam.
The steam dragon bites you.
The steam dragon claws you but does no damage.
The steam dragon barely misses you. The steam dragon claws you.
Unknown command.
The steam dragon barely misses you. The steam dragon claws you.
You hit the steam dragon.
The steam dragon is almost dead.
The steam dragon breathes steam at you. The ball of steam hits you!!
* * * LOW HITPOINT WARNING * * *
You hit the steam dragon but do no damage.
The steam dragon is almost dead.
You are engulfed in a cloud of scalding steam.
* * * LOW HITPOINT WARNING * * *
The steam dragon bites you.
* * * LOW HITPOINT WARNING * * *
The steam dragon claws you.
* * * LOW HITPOINT WARNING * * *
Unknown command.
You block the steam dragon's attack.
The steam dragon claws you but does no damage.
You hit the steam dragon.
The steam dragon is almost dead.
The steam dragon bites you.
* * * LOW HITPOINT WARNING * * *
The steam dragon barely misses you.
You completely miss the steam dragon.
The steam dragon is almost dead.
The steam dragon bites you.
* * * LOW HITPOINT WARNING * * *
The steam dragon claws you but does no damage.
The steam dragon breathes steam at you. The ball of steam hits you.
* * * LOW HITPOINT WARNING * * *
Unknown command.
The steam dragon breathes steam at you. The ball of steam hits you!
You die...

,.. .... ..#
*,.... , #.#
,..#* , ,
*#.# #.?## ,
#.# ##.... *
, * *#.##..#*
* * , ,,
#....# , ,*
###.D§# * , *
#....@#
**#...###..##
, , * #..#
##..###.. ,
#.* ##......#
, ##..##..##
* , ##..##
#.# * * #..##
..., * ######
, ##.## ...
#...... #..#
#### * ,


You could see a steam dragon (catching breath).

Vanquished Creatures
  A water moccasin (D:5)
  An ice beast (D:5)
  A gnoll sergeant (D:5)
  2 scorpions (D:5)
  A necrophage (D:5)
  3 vampire bats (D:4)
  A hound (D:6)
  Terence (D:2)
  3 iguanas (D:5)
  9 mummies
  5 gnolls (D:5)
  5 adders
  A white imp (D:5)
  An ufetubus (D:5)
  A worm (D:2)
  An orc (D:3)
  5 ball pythons
  7 bats
  4 endoplasms
  4 giant cockroaches
  A gnoll zombie (Ossuary)
  4 hobgoblins
  4 jackals (D:4)
  A quokka (D:5)
  4 goblins
  A hobgoblin zombie (Ossuary)
  3 kobolds (D:2)
  3 kobold zombies (Ossuary)
  3 orc zombies (Ossuary)
81 creatures vanquished.

Notes
Turn   | Place    | Note
-------+----------+-------------------------------------------
     0 | D:1      | tilp the Meteoran Fighter began the quest for the Orb.
     0 | D:1      | Reached XP level 1. HP: 19/19 MP: 2/2
    60 | D:2      | Reached skill level 1 in Dodging
    60 | D:2      | Reached XP level 2. HP: 19/26 MP: 3/3
    83 | D:2      | Reached XP level 3. HP: 25/31 MP: 4/4
   121 | D:2      | Noticed Terence
   129 | D:2      | Killed Terence
   130 | D:2      | Reached XP level 4. HP: 38/39 MP: 5/5
   401 | D:3      | Reached XP level 5. HP: 46/46 MP: 6/6
   438 | D:3      | Reached skill level 1 in Stealth
   603 | D:5      | Entered Level 5 of the Dungeon
   665 | D:5      | Reached skill level 1 in Throwing
   665 | D:5      | Reached skill level 1 in Evocations
   665 | D:5      | Reached XP level 6. HP: 38/52 MP: 7/7
   707 | D:5      | Found a sand-covered staircase.
   719 | Ossuary  | Entered an ossuary
   872 | Ossuary  | Reached XP level 7. HP: 21/59 MP: 8/8
  1344 | D:4      | Found Xocwos's Magic Scroll Shop.
  1349 | D:4      | Bought a scroll of noise for 11 gold pieces
  1349 | D:4      | Bought a scroll of teleportation for 33 gold pieces
  1349 | D:4      | Bought a scroll of identify for 22 gold pieces
  1349 | D:4      | Bought a scroll of fog for 44 gold pieces
  1349 | D:4      | Bought a scroll of enchant armour for 82 gold pieces
  1349 | D:4      | Bought a scroll of identify for 22 gold pieces
  1349 | D:4      | Bought a scroll of identify for 22 gold pieces
  1349 | D:4      | Bought a scroll of teleportation for 33 gold pieces
  1528 | D:5      | Reached XP level 8. HP: 49/66 MP: 9/9
  1723 | D:5      | Reached skill level 5 in Long Blades
  1767 | D:6      | Reached skill level 5 in Dodging
  2126 | D:6      | Noticed a steam dragon
  2233 | D:6      | Noticed a steam dragon
  2254 | D:6      | Killed from afar by a steam dragon

Illustrated notes

Levels and vault maps discovered:
D:1:      eino_arrival_water_star, layout_basic, minmay_misc_feat_secret_circle
D:2:      layout_loops_ring, uniq_terence
D:3:      layout_loops_cross, uniq_crazy_yiuf_cottage
D:4:      layout_loops_cross, serial_shops, kennysheep_little_box,
          roderic_batcave
D:5:      layout_loops_corners, serial_glass, glass_columns_b, glass_columns_c,
          due_unseen_surprise, minmay_strange_pillars, item_on_display_a,
          gup_ossuary_entry_pyramid, grunt_ministairs_15, lightli_minifort
D:6:      layout_layer_cave, grunt_temple_overflow_open, nicolae_evil_shop

Skill      XL: |  1  2  3  4  5  6  7  8 |
---------------+-------------------------+-----
Dodging        | 1 2 3 4 5 |  5.2
Shields        | 4 |  4.6
Long Blades    | 3 4 5 |  5.2
Armour         | 4 |  4.6
Stealth        | 1 2 |  2.5
Fighting       | 4 |  4.4
Throwing       | 1 2 3 |  3.0
Evocations     | 1 2 |  2.9

Action                   |  1- 3 |  4- 6 |  7- 9 || total
-------------------------+-------+-------+-------++-------
Melee: Long sword        |    42 |   142 |   160 ||   344
Throw: Stone             |       |     3 |       ||     3
       Dart              |       |       |     2 ||     2
Evoke: Wand              |       |     7 |       ||     7
  Use: Potion            |     1 |       |     1 ||     2
       Scroll            |       |     4 |     8 ||    12
Armor: Scale mail        |    19 |     5 |       ||    24
       Chain mail        |       |    68 |    92 ||   160
Dodge: Dodged            |    20 |    40 |    48 ||   108
Block: Buckler           |    12 |    18 |       ||    30
       Kite shield       |       |    47 |    92 ||   139

Table legend: (Time is in decaauts)
 A = Elapsed time spent in this place.
 B = Non-inter-level travel time spent in this place.
 C = Inter-level travel time spent in this place.
 D = Time resting spent in this place.
 E = Time spent auto-exploring this place.
 F = Levels seen in this place.
 G = Mean time per level.
                   A        B        C        D        E       F      G
               +--------+--------+--------+--------+--------+-----+--------+
         Total |   2359 |   2015 |    344 |     12 |      0 |   7 |  337.0 |
       Dungeon |   2052 |   1708 |    344 |      0 |      0 |   6 |  342.0 |
       Ossuary |    306 |    306 |      0 |     12 |      0 |   1 |  306.0 |
               +--------+--------+--------+--------+--------+-----+--------+

Top non-repeatable levels by time:
     D:5: 889 daAuts
     D:4: 564 daAuts
     D:2: 331 daAuts
 Ossuary: 306 daAuts
     D:6: 111 daAuts
     D:1: 87 daAuts
     D:3: 67 daAuts
